 Dungeon Crawl Stone Soup version 0.31-a0-662-g684573625c (webtiles) character file.

Game seed: 7533268553197815244

22546 javelincjr the Nimble (level 13, -4/93 HPs)
             Began as a Djinni Conjurer on Aug 31, 2023.
             Was an Elder of Qazlal.
             Slain by a skeletal warrior
             ... wielding a +2 heavy hand axe
              (21 damage)
             ... on level 12 of the Dungeon.
             The game lasted 00:51:21 (11244 turns).

javelincjr the Nimble (Djinni Conjurer)            Turns: 11244, Time: 00:51:22

Health: -4/93      AC:  9    Str:  6    XL:     13   Next: 28%
Gold:   1028       EV: 17    Int: 31    God:    Qazlal [****..] SH:  5 Dex: 18

rFire   + + .        n - +8 sling "Qalia" {flame, rElec Dex+6}
rCold   x . .        (no shield)
rNeg    . . .        Q - +1 leather armour of Sloth {Regen+}
rPois   ∞            E - +0 helmet
rElec   +            s - +0 cloak
rCorr   .            m - +1 Delatra's gloves {ID++}
SInv    .            (boots unavailable)
Will    +....        (no amulet)
Stlth   +            l - +6 ring of intelligence
HPRegen 1.15/turn    z - ring of wizardry
MPRegen 0.00/turn

%: repel missiles, wizardry (x1), infuse magic (-5 HP)
@: flying
A: sickness immunity, fire resistance 2, cold vulnerability 1, float, innate
caster, HP casting, extra vitality 1
a: Renounce Religion, Upheaval, Elemental Force


You were on level 12 of the Dungeon.
You worshipped Qazlal.
Qazlal was greatly pleased with you.
You visited 2 branches of the dungeon, and saw 13 of its levels.
You also visited: Bailey.

You collected 1028 gold pieces.

Inventory:

Hand Weapons
 n - the +8 sling "Qalia" (weapon) {flame, rElec Dex+6}
   (You found it on level 3 of the Dungeon)

   Dex+6:     It affects your dexterity (+6).
   rElec:     It insulates you from electricity.
 D - a +3 scimitar of distortion
 I - the +1 longbow "Wapriwen" {drain, rF- rN+ Str+4 Int+3}
   (You found it on level 8 of the Dungeon)

   Str+4:     It affects your strength (+4).
   Int+3:     It affects your intelligence (+3).
   rF-:       It makes you vulnerable to fire.
   rN+:       It protects you from negative energy.
 S - the +0 sling of Piffex {drain, Contam rN+++ Str-5 Dex+6}
   (You found it in a bailey)

   Str-5:     It affects your strength (-5).
   Dex+6:     It affects your dexterity (+6).
   rN+++:     It renders you almost immune to negative energy.
   Contam:    It causes magical contamination when unequipped.
 X - a +1 short sword of holy wrath
Missiles
 N - a throwing net
Armour
 m - the +1 Delatra's gloves (worn) {ID++}
   (You found it on level 3 of the Dungeon)

   ID++:      It heals its wearer when they drink unknown potions, and restores
   their MP when they read unknown scrolls.
 s - a +0 cloak (worn)
 C - the +3 leather armour "Kulleystaff" {Will+ Int+2 Stlth-}
   (You took it off an orc wizard on level 6 of the Dungeon)

   Int+2:     It affects your intelligence (+2).
   Will+:     It increases your willpower.
   Stlth-:    It makes you less stealthy.
 E - a +0 helmet (worn)
 J - +0 acid dragon scales
 M - a +0 kite shield
 O - a +0 troll leather armour
 Q - the +1 leather armour of Sloth (worn) {Regen+}
   (You found it in a bailey)

   Regen+:    It increases your rate of health regeneration.
 U - a +2 scale mail of cold resistance
 V - a +2 robe of cold resistance
Jewellery
 l - a +6 ring of intelligence (left hand)
 o - a ring of see invisible
 z - a ring of wizardry (right hand)
 W - an amulet of faith
 Z - a +6 ring of dexterity
Wands
 k - a wand of flame (5)
 p - a wand of charming (19)
 x - a wand of polymorph (9)
 y - a wand of digging (3)
 H - a wand of light (9)
Scrolls
 c - 2 scrolls of butterflies
 f - 5 scrolls of teleportation
 g - 7 scrolls of immolation
 h - 8 scrolls of identify
 j - a scroll of acquirement {unknown}
 q - a scroll of silence {unknown}
 r - 2 scrolls of poison {unknown}
 u - 4 scrolls of enchant weapon
 v - 3 scrolls of fear {unknown}
 w - 2 scrolls of torment {unknown}
 A - 2 scrolls of noise {unknown}
 B - 3 scrolls of fog {unknown}
 F - a scroll of blinking {unknown}
 K - 2 scrolls of vulnerability {unknown}
 Y - a scroll of enchant armour {unknown}
Potions
 a - a potion of brilliance {unknown}
 b - a potion of lignification {unknown}
 d - 4 potions of heal wounds
 e - 5 potions of curing
 i - 3 potions of haste {unknown}
 G - a potion of ambrosia {unknown}
 L - a potion of might {unknown}
 P - 2 potions of enlightenment {unknown}
 R - a potion of cancellation {unknown}
 T - a potion of resistance {unknown}


   Skills:
 + Level 8.6 Fighting
 + Level 7.1 Ranged Weapons
 + Level 7.0 Armour
 + Level 9.9 Dodging
 - Level 2.0 Stealth
 * Level 9.5 Spellcasting
 * Level 9.5 Conjurations
 * Level 9.5 Hexes
   Level 0.0 Charms
 * Level 9.5 Summonings
 * Level 9.5 Necromancy
 * Level 9.5 Translocations
 * Level 9.5 Transmutations
 * Level 9.5 Fire Magic
 * Level 9.5 Ice Magic
 * Level 9.5 Air Magic
 * Level 9.5 Earth Magic
 * Level 9.5 Poison Magic
 + Level 7.0 Invocations


You knew the following spells:

 Your Spells              Type           Power      Damage    Failure   Level
a - Magic Dart            Conj           100%       1d8       1%          1
b - Searing Ray           Conj           100%       2d8       1%          2
c - Dazzling Flash        Conj/Hex       100%       N/A       1%          3
d - Fulminant Prism       Conj/Hex       32%        3d16      1%          4
e - Iskenderun's Mystic   Conj/Tloc      65%        2d13      1%          4
f - Apportation           Tloc           100%       N/A       1%          1
g - Passwall              Tmut/Erth      54%        N/A       1%          2
h - Inner Flame           Hex/Fire       65%        N/A       1%          3
i - Confusing Touch       Hex            65%        N/A       1%          3
j - Irradiate             Conj/Tmut      32%        3d22      1%          5
k - Metabolic Englaciati  Hex/Ice        32%        N/A       1%          5
Your spell library was empty.

Dungeon Overview and Level Annotations

Branches:
Dungeon (12/15)            Temple (1/1) D:6            Lair (0/5) D:8
 Bailey (visited)
    Orc: D:9-12

Altars:
Ashenzari
Cheibriados
Dithmenos
Elyvilon
Fedhas
Gozag
Hepliaklqana
Makhleb
Nemelex Xobeh
Okawaru
Qazlal
Ru
Trog
Uskayaw
Wu Jian
Xom
Yredelemnul
Zin
The Shining One


Innate Abilities, Weirdness & Mutations

You are immune to sickness and miasma.
You are immune to poison.
Your flesh is very heat resistant. (rF++)
You are vulnerable to cold. (rC-)
You float through the air rather than walking.
You learn spells naturally, not from books.
Your magical power is your life essence.
You have superior vitality. (+4 MHP)


Message History

You kill the slime creature!
Qazlal accepts your kill.
Casting: Iskenderun's Mystic Blast (safe; 1% risk of failure)
Confirm with . or Enter, or press ? or * to list all spells.
You erupt in a blast of force!
The mystic blast hits the skeletal warrior.
Flame seeps out of the skeletal warrior.
The skeletal warrior is lightly damaged.
The skeletal warrior is knocked back by the mystic blast.
The skeletal warrior slams into the stone wall!
The mystic blast hits the skeletal warrior.
Qazlal accepts your kill.
* * * LOW HITPOINT WARNING * * *
The skeletal warrior explodes!
The fiery explosion engulfs you! You resist.
* * * LOW HITPOINT WARNING * * *
The fiery explosion engulfs the skeletal warrior!!
Flame seeps out of the skeletal warrior.
The skeletal warrior is heavily damaged.
The skeletal warrior is engulfed in blazing flames.
Flame seeps out of the skeletal warrior.
Your Armour skill increases to level 7!
Your Invocations skill increases to level 7!
You feel much better.
The skeletal warrior hits you with a +2 heavy hand axe!
* * * LOW HITPOINT WARNING * * *
Casting: Iskenderun's Mystic Blast (safe; 1% risk of failure)
Confirm with . or Enter, or press ? or * to list all spells.
You erupt in a blast of force!
The mystic blast hits the skeletal warrior.
Flame seeps out of the skeletal warrior.
The skeletal warrior is almost destroyed.
The skeletal warrior is knocked back by the mystic blast.
The skeletal warrior slams into the stone wall!
The mystic blast hits the skeletal warrior but does no damage.
The skeletal warrior is severely damaged.
* * * LOW HITPOINT WARNING * * *
The skeletal warrior attacks as it pursues you!
The skeletal warrior hits you with a +2 heavy hand axe!!
You die...

##....# ###
####.....# #...
.......)..# #..#
.###......## ##..#
#####...###..##
##))○°....#
####)#○..○#.####.
.......z§§.......
.......@§.§.....#
#.......§§z##....#
##.....§.☼○# ....
#....##..... ...
#....##.))|).) ..
#.... ......)..##
#.. ......)))..
#.. .......).)..
.......?....


You could see 2 skeletal warriors.

Vanquished Creatures
  2 boulder beetles
  4 two-headed ogres
  Sonja (D:10)
  Amaemon (D:8)
  A skeletal warrior (D:12)
  A deep elf pyromancer (D:7)
  2 cyclopes
  A manticore (D:12)
  An orange demon (D:7)
  A gargoyle (Bailey)
  3 kobold demonologists (D:12)
  A komodo dragon (D:8)
  4 trolls
  5 slime creatures (D:12)
  20 yaks
  4 wyverns
  3 vampires
  3 shadows
  2 wraiths
  3 steam dragons
  A warg (D:12)
  3 acid dragons
  A water moccasin (D:6)
  A black bear (D:5)
  A sky beast (D:7)
  7 ice beasts
  5 orc warriors
  9 centaurs
  2 phantoms
  10 kobold brigands
  2 gnoll sergeants
  2 scorpions
  3 bullfrogs
  11 wights
  5 killer bees
  A howler monkey (D:6)
  2 electric eels (D:11)
  8 vampire bats (Bailey)
  9 wolf zombies (Bailey)
  3 jellies
  8 hounds
  9 orc priests
  2 gnoll boudas
  5 sleepcaps
  Terence (D:2)
  9 orc wizards
  6 iguanas
  10 gnolls
  6 adders
  3 shadow imps
  A white imp (D:4)
  An ufetubus (D:4)
  A worm (D:2)
  A dart slug (D:4)
  35 orcs
  4 endoplasms
  4 giant cockroaches
  9 goblins
  12 hobgoblins
  3 quokkas
  2 ball pythons
  4 bats
  32 kobolds
  18 orc zombies (Bailey)
  3 rats
338 creatures vanquished.

Vanquished Creatures (collateral kills)
  Fannar (D:10)
1 creature vanquished.

Vanquished Creatures (others)
  A howler monkey (D:7)
  3 fulminant prisms
4 creatures vanquished.

Grand Total: 343 creatures vanquished

Notes
Turn   | Place    | Note
-------+----------+-------------------------------------------
     0 | D:1      | javelincjr the Djinni Conjurer began the quest for the Orb.
     0 | D:1      | javelincjr set off with the following spells memorised:
                  | Magic Dart, Searing Ray, Dazzling Flash, Fulminant Prism,
                  | Iskenderun's Mystic Blast.
     0 | D:1      | Reached XP level 1. HP: 15/15 MP: 0/0
   291 | D:1      | Reached XP level 2. HP: 19/21 MP: 0/0
   711 | D:2      | Reached XP level 3. HP: 22/25 MP: 0/0
   711 | D:2      | Learned a level 1 spell: Apportation
   933 | D:2      | Noticed Terence
   945 | D:2      | Killed Terence
   946 | D:2      | Reached skill level 1 in Fighting
   946 | D:2      | Reached XP level 4. HP: 7/32 MP: 0/0
  1388 | D:3      | Found the +1 Delatra's gloves {ID++}
  1388 | D:3      | Found a white marble altar of Elyvilon.
  1388 | D:3      | Found a blossoming altar of Fedhas.
  1388 | D:3      | Found an opulent altar of Gozag.
  1463 | D:3      | Identified the +8 sling "Qalia" {flame, rElec Dex+6}
  2163 | D:4      | Noticed a phantom
  2167 | D:4      | Killed a phantom
  2168 | D:4      | Reached XP level 5. HP: 38/38 MP: 0/0
  2168 | D:4      | Learned a level 2 spell: Passwall
  2259 | D:4      | Noticed an ice beast
  2264 | D:4      | Killed an ice beast
  2265 | D:4      | Reached skill level 1 in Ranged Weapons
  2265 | D:4      | Reached XP level 6. HP: 43/43 MP: 0/0
  2799 | D:4      | Reached XP level 7. HP: 49/49 MP: 0/0
  2799 | D:4      | Learned a level 3 spell: Inner Flame
  3226 | D:5      | Entered Level 5 of the Dungeon
  3401 | D:5      | Reached skill level 5 in Spellcasting
  3401 | D:5      | Reached skill level 5 in Conjurations
  3401 | D:5      | Reached skill level 5 in Hexes
  3401 | D:5      | Reached skill level 5 in Summonings
  3401 | D:5      | Reached skill level 5 in Necromancy
  3401 | D:5      | Reached skill level 5 in Translocations
  3401 | D:5      | Reached skill level 5 in Transmutations
  3401 | D:5      | Reached skill level 5 in Fire Magic
  3401 | D:5      | Reached skill level 5 in Ice Magic
  3401 | D:5      | Reached skill level 5 in Air Magic
  3401 | D:5      | Reached skill level 5 in Earth Magic
  3401 | D:5      | Reached skill level 5 in Poison Magic
  3497 | D:5      | Reached XP level 8. HP: 56/56 MP: 0/0
  3661 | D:5      | Reached skill level 5 in Dodging
  4087 | D:6      | Found a staircase to the Ecumenical Temple.
  4109 | Temple   | Entered the Ecumenical Temple
  4114 | Temple   | Became a worshipper of Qazlal Stormbringer
  4190 | D:6      | Reached XP level 9. HP: 50/62 MP: 0/0
  4190 | D:6      | Learned a level 3 spell: Confusing Touch
  4249 | D:6      | Found a large runed translucent door.
  4249 | D:6      | Found a large runed translucent door.
  4432 | D:6      | Identified the +3 leather armour "Kulleystaff" {Will+ Int+2
                  | Stlth-}
  4558 | D:6      | Noticed a cyclops
  4576 | D:6      | Killed a cyclops
  4577 | D:6      | Reached skill level 5 in Fighting
  4577 | D:6      | Reached skill level 1 in Armour
  4577 | D:6      | Reached skill level 1 in Invocations
  4774 | D:6      | Found a large runed translucent door.
  4774 | D:6      | Found a large runed translucent door.
  4858 | D:6      | Noticed a two-headed ogre
  4863 | D:6      | Killed a two-headed ogre
  4864 | D:6      | Reached XP level 10. HP: 48/70 MP: 0/0
  5378 | D:7      | Noticed a deep elf pyromancer
  5392 | D:7      | Killed a deep elf pyromancer
  5392 | D:7      | Reached * piety under Qazlal
  5405 | D:7      | Reached skill level 5 in Ranged Weapons
  5815 | D:7      | Reached XP level 11. HP: 69/77 MP: 0/0
  5815 | D:7      | Learned a level 5 spell: Irradiate
  6157 | D:7      | Reached ** piety under Qazlal
  6569 | D:8      | Noticed Amaemon
  6611 | D:8      | Killed Amaemon
  6862 | D:8      | Identified the +1 longbow "Wapriwen" {drain, rF- rN+ Str+4
                  | Int+3}
  7355 | D:8      | Found a hide-covered altar of Uskayaw.
  7449 | D:8      | Found a staircase to the Lair.
  8085 | D:9      | Identified the +0 plate armour "Logobo" {rN++ Int-4 Stlth+}
  8089 | D:9      | Noticed a two-headed ogre
  8098 | D:9      | Reached *** piety under Qazlal
  8102 | D:9      | Killed a two-headed ogre
  8103 | D:9      | Reached skill level 5 in Armour
  8103 | D:9      | Reached skill level 5 in Invocations
  8705 | D:10     | Entered Level 10 of the Dungeon
  8748 | D:10     | Noticed Sonja
  8756 | D:10     | Killed Sonja
  8823 | D:10     | Reached XP level 12. HP: 49/85 MP: 0/0
  8932 | D:10     | Found a flagged portal.
  8939 | D:10     | Noticed Fannar
  8946 | D:10     | HP: 4/85 [Fannar/staff of cold (31)]
  8947 | Bailey   | Entered a bailey
  9244 | Bailey   | Reached **** piety under Qazlal
  9259 | Bailey   | Identified the +1 leather armour of Sloth {Regen+}
  9384 | Bailey   | Identified the +0 sling of Piffex {drain, Contam rN+++
                  | Str-5 Dex+6}
 10104 | D:10     | Killed Fannar
 10543 | D:11     | Noticed a boulder beetle
 10571 | D:11     | Killed a boulder beetle
 10654 | D:11     | Noticed a two-headed ogre
 10663 | D:11     | Killed a two-headed ogre
 11038 | D:12     | Noticed a two-headed ogre
 11045 | D:12     | Killed a two-headed ogre
 11071 | D:12     | Reached XP level 13. HP: 92/92 MP: 0/0
 11071 | D:12     | Learned a level 5 spell: Metabolic Englaciation
 11239 | D:12     | HP: 3/93 [spore (11)]
 11244 | D:12     | Slain by a skeletal warrior

Illustrated notes

Levels and vault maps discovered:
D:1:      tarquinn_simple_flora_water_b, layout_loops_cross
D:2:      layout_rooms, serial_aquarium, aquarium_bridge_straight
          [aquarium_subvault_bridge, aquarium_subvault_balcony,
          aquarium_subvault_bridge, aquarium_subvault_wall],
          aquarium_window_fake, aquarium_window_double, aquarium_window_fake,
          aquarium_window_corridor_1, aquarium_view_2e, aquarium_view_2d,
          aquarium_pool_2, uniq_terence
D:3:      layout_loops_ring, grunt_temple_overflow_open, serial_bayou_pond_c
D:4:      layout_basic, grunt_ministairs_10, columned_hall_lemuel,
          kennysheep_path_1
D:5:      layout_cave_pools, mrwooster_statue_mirror, chequers_arboretum,
          minivault_26
D:6:      layout_basic, minmay_temple_entry_drinking_statues,
          minmay_hollow_rounded_squares
D:7:      nzn_winding_woodlands_cross [nzn_winding_woodlands_5x15_twine,
          nzn_winding_woodlands_5x15_garden, nzn_winding_woodlands_5x15_default,
          nzn_winding_woodlands_5x15_parted,
          nzn_winding_woodlands_15x15_killbox], layout_loops_ring
D:8:      layout_loops_cross, mainiacjoe_overflow_alcove_1, david_lair_shrubbed,
          chequers_avenue, nicolae_wwwww, uniq_amaemon
D:9:      layout_loops_ring
D:10:     layout_roguey, enter_bailey_5, uniq_fannar, uniq_sonja
D:11:     layout_basic, serial_bayou_lagoon_a, minivault_21
D:12:     layout_layer_cave, erik_orc_4, minmay_misc_feat_enclosed
Temple:   nicolae_temple_bog_church

Skill      XL: |  1  2  3  4  5  6  7  8  9 10 11 12 13 |
---------------+----------------------------------------+-----
Stealth        | 2 |  2.0
Fighting       | 1 2 3 4 5 6 7 8 |  8.6
Dodging        | 3 4 5 6 7 8 9 |  9.9
Spellcasting   | 4 5 6 7 8 9 |  9.5
Conjurations   | 4 5 6 7 8 9 |  9.5
Hexes          | 4 5 6 7 8 9 |  9.5
Summonings     | 4 5 6 7 8 9 |  9.5
Necromancy     | 4 5 6 7 8 9 |  9.5
Translocations | 4 5 6 7 8 9 |  9.5
Transmutations | 4 5 6 7 8 9 |  9.5
Fire Magic     | 4 5 6 7 8 9 |  9.5
Ice Magic      | 4 5 6 7 8 9 |  9.5
Air Magic      | 4 5 6 7 8 9 |  9.5
Earth Magic    | 4 5 6 7 8 9 |  9.5
Poison Magic   | 4 5 6 7 8 9 |  9.5
Ranged Weapons | 1 2 3 4 5 6 7 |  7.1
Armour         | 2 3 5 6 7 |  7.0
Invocations    | 2 3 5 6 7 |  7.0

Action                     |  1- 3 |  4- 6 |  7- 9 | 10-12 | 13-15 || total
---------------------------+-------+-------+-------+-------+-------++-------
  Melee: Unarmed           |     1 |     1 |       |       |       ||     2
         Sling             |       |       |     1 |       |       ||     1
   Fire: Sling             |       |    65 |   138 |   190 |    39 ||   432
         Longbow           |       |       |       |   159 |       ||   159
   Cast: Magic Dart        |    41 |     4 |       |     2 |       ||    47
         Searing Ray       |     4 |     2 |     2 |     1 |       ||     9
         Iskenderun's Myst |       |       |    16 |   121 |    13 ||   150
         Inner Flame       |       |       |     2 |    90 |    24 ||   116
         Fulminant Prism   |       |       |       |     3 |       ||     3
         Dazzling Flash    |       |       |       |     3 |       ||     3
         Irradiate         |       |       |       |     1 |       ||     1
 Invoke: Elemental Force   |       |       |       |     1 |       ||     1
  Evoke: Wand              |       |       |       |     1 |       ||     1
    Use: Potion            |       |       |     1 |       |     1 ||     2
         Scroll            |       |       |       |     4 |     2 ||     6
 Armour: Robe              |     8 |     8 |    39 |       |       ||    55
         Leather armour    |       |       |    17 |    84 |     8 ||   109
         Troll leather arm |       |       |       |    21 |       ||    21
  Dodge: Dodged            |    10 |     8 |    44 |   104 |    11 ||   177
         Repelled          |       |       |       |       |     2 ||     2
  Block: Other             |       |       |       |    22 |     2 ||    24

Table legend: (Time is in decaauts)
 A = Elapsed time spent in this place.
 B = Non-inter-level travel time spent in this place.
 C = Inter-level travel time spent in this place.
 D = Time resting spent in this place.
 E = Time spent auto-exploring this place.
 F = Levels seen in this place.
 G = Mean time per level.
                   A        B        C        D        E       F      G
               +--------+--------+--------+--------+--------+-----+--------+
         Total |  11412 |  11100 |    312 |   1442 |   7580 |  14 |  815.1 |
       Dungeon |  10798 |  10494 |    304 |   1326 |   7354 |  12 |  899.8 |
        Temple |     10 |      2 |      8 |      0 |      0 |   1 |   10.0 |
        Bailey |    602 |    602 |      0 |    116 |    226 |   1 |  602.0 |
               +--------+--------+--------+--------+--------+-----+--------+

Top non-repeatable levels by time:
     D:6: 1341 daAuts
     D:7: 1340 daAuts
     D:4: 1175 daAuts
     D:9: 1115 daAuts
     D:8: 1064 daAuts
    D:10: 883 daAuts
     D:5: 743 daAuts
     D:2: 723 daAuts
     D:3: 684 daAuts
    D:11: 680 daAuts
     D:1: 664 daAuts
  Bailey: 602 daAuts
    D:12: 381 daAuts
  Temple: 10 daAuts
